 Dungeon Crawl Stone Soup version 0.28.0-53-g5a82cb258f (webtiles) character file.

Game seed: 7257580008838066015

1462 mcbry74 the Basher (level 8, 0/67 (74) HPs)
             Began as a Troll Berserker on June 26, 2022.
             Was a Priest of Trog.
             Slain by a wight
             ... wielding a +5 hand axe
              (4 damage)
             ... on level 5 of the Dungeon.
             The game lasted 00:13:06 (5290 turns).

mcbry74 the Basher (Troll Berserker)                Turns: 5290, Time: 00:13:07

HP:   0/67 (74)     AC:  4    Str: 26    XL:     8   Next: 48%
MP:   7/7           EV: 10    Int:  5    God:    Trog [***...]
Gold: 255           SH:  0    Dex:  9    Spells: 7/7 levels left

rFire   . . .      SeeInvis .   w - +3 flail
rCold   . . .      Faith    .   (no shield)
rNeg    . . .      Spirit   .   b - +0 animal skin
rPois   .          Reflect  .   (helmet restricted)
rElec   .          Harm     .   (no cloak)
rCorr   .          Rampage  .   (gloves unavailable)
Will    .....                   (boots unavailable)
Stlth   +.........              (no amulet)
HPRegen 1.01/turn               (no ring)
MPRegen 0.10/turn               (no ring)

@: mighty, drained
A: large, unfitting armour, claws 3, regeneration 1, shaggy fur 1, tough skin 1
a: Renounce Religion, Berserk, Trog's Hand


You were on level 5 of the Dungeon.
You worshipped Trog.
Trog was most pleased with you.
You visited 1 branch of the dungeon, and saw 6 of its levels.

You collected 255 gold pieces.

Inventory:

Hand Weapons
 a - a +0 mace
 r - a +0 flail
 w - a +3 flail (weapon)
 x - a +0 flail of protection
Missiles
 f - 5 poisoned darts (quivered)
 n - 4 javelins
 v - 2 throwing nets
 z - 46 stones
Armour
 b - a +0 animal skin (worn)
Jewellery
 c - a ring of see invisible
 d - a +4 ring of protection
Wands
 q - a wand of charming (12)
Scrolls
 e - a scroll of amnesia {unknown}
 g - 3 scrolls of enchant armour {unknown}
 h - 2 scrolls of blinking {unknown}
 i - 2 scrolls of identify {unknown}
 l - 3 scrolls of teleportation {unknown}
 t - a scroll of fear {unknown}
 u - a scroll of enchant weapon {unknown}
 y - a scroll of vulnerability {unknown}
Potions
 j - 2 potions of heal wounds {unknown}
 k - a potion of lignification {unknown}
 m - 2 potions of might
 o - a potion of brilliance {unknown}
 p - 2 potions of degeneration {unknown}
 s - 3 potions of curing {unknown}


   Skills:
 - Level 2.4 Fighting
 + Level 10.1 Maces & Flails
 - Level 2.4 Dodging


You had 7 spell levels left.
You didn't know any spells.
Your spell library was empty.

Dungeon Overview and Level Annotations

Branches:
Dungeon (6/15)
 Temple: D:4-7

Altars:
Ashenzari
Cheibriados
Dithmenos
Fedhas
Makhleb
Ru
Trog
Vehumet


Innate Abilities, Weirdness & Mutations

You are too large for most types of armour.
You have claws for hands.
Your natural rate of healing is unusually fast.
You are covered in fur. (AC +1)
You have tough skin. (AC +1)


Message History

The centaur zombie hits you.
The centaur zombie kicks you but does no damage.
A wight comes into view. It is wielding a +0 trident.
A wight comes into view. It is wielding a +5 hand axe.
The centaur zombie hits you but does no damage.
The centaur zombie kicks you.
You hit the centaur zombie.
The centaur zombie is heavily damaged.
The centaur zombie closely misses you. The centaur zombie kicks you.
You hit the centaur zombie.
The centaur zombie is severely damaged.
You barely miss the iguana.
A wight comes into view. It is wielding a +0 dagger.
The iguana hisses menacingly.
The wight hits you from afar with a +0 trident!
There is a stone staircase leading up here.
The iguana bites you but does no damage.
The wight hits you with a +5 hand axe! The centaur zombie barely misses you.
The centaur zombie kicks you but does no damage.
The wight hits you from afar with a +0 trident!
You climb upwards.
There is a stone staircase leading down here.
You barely miss the wight. The iguana bites you. The wight closely misses you.
You barely miss the wight. The iguana bites you.
The wight hits you with a +5 hand axe!
You feel drained.
You closely miss the wight. The iguana closely misses you.
The wight hits you with a +5 hand axe!
You feel drained.
* * * LOW HITPOINT WARNING * * *
You hit the wight.
The wight is moderately damaged.
The iguana bites you.
* * * LOW HITPOINT WARNING * * *
The wight hits you with a +5 hand axe!
* * * LOW HITPOINT WARNING * * *
You feel drained.
* * * LOW HITPOINT WARNING * * *
It was a potion of might.
You feel very mighty all of a sudden. The iguana barely misses you.
The wight hits you with a +5 hand axe.
You die...

### ### #.## #.#
#####.## ### ##### #.#
#.# #..#### #.###...#
#.# ##.# #.##@z#
#.#.....# ..## ###..#
#.###l####....#.#
...###..#.###.####.#
#....#.#
...##..##..##..#
#.###......##
#.....####.##..#
#..##..####.### ##...##
##.....####..).## ###.#
#...####.......###...##
#.#
##........#...........#
##.#
#.##....#...###......##
##.##


You could see an iguana and a wight.

Vanquished Creatures
  A hornet (D:5)
  Menkaure (D:5)
  2 ice beasts
  A black bear (D:4)
  A centaur (D:5)
  A phantom (D:6)
  2 bullfrogs
  A scorpion (D:5)
  A water moccasin zombie (D:5)
  A hound (D:6)
  2 jellies
  A gnoll shaman (D:5)
  An iguana (D:4)
  An orc wizard (D:3)
  16 gnolls
  4 adders
  4 adder skeletons (D:4)
  A worm (D:2)
  2 dart slugs
  6 orcs
  4 bats
  7 endoplasms
  3 giant cockroaches
  5 goblins
  4 hobgoblins
  2 jackals (D:1)
  6 kobolds
  4 quokkas
  6 ball pythons
  3 frilled lizards
  6 rats
100 creatures vanquished.

Notes
Turn   | Place    | Note
-------+----------+-------------------------------------------
     0 | D:1      | mcbry74 the Troll Berserker began the quest for the Orb.
     0 | D:1      | Reached XP level 1. HP: 22/22 MP: 0/0
   192 | D:1      | Reached skill level 3 in Maces & Flails
   245 | D:1      | Reached XP level 2. HP: 23/29 MP: 1/1
   608 | D:1      | Found a faded altar of an unknown god.
   801 | D:2      | Reached XP level 3. HP: 35/36 MP: 2/2
  1044 | D:2      | Reached skill level 4 in Maces & Flails
  1103 | D:2      | Reached ** piety under Trog
  1827 | D:3      | Reached XP level 4. HP: 27/44 MP: 3/3
  1969 | D:3      | Found a blossoming altar of Fedhas.
  2093 | D:3      | Found a radiant altar of Vehumet.
  2094 | D:3      | Found a sacrificial altar of Ru.
  2152 | D:3      | Reached skill level 5 in Maces & Flails
  2157 | D:3      | Reached XP level 5. HP: 29/50 MP: 4/4
  2524 | D:4      | Noticed a black bear
  2532 | D:4      | Killed a black bear
  2533 | D:4      | Reached skill level 6 in Maces & Flails
  2533 | D:4      | Reached XP level 6. HP: 48/59 MP: 5/5
  2677 | D:4      | Identified the +0 pair of boots of Poor Excuses {rPois
                  | rCorr Str-4 Int+9}
  2743 | D:4      | Found a burning altar of Makhleb.
  2743 | D:4      | Found a snail-covered altar of Cheibriados.
  2743 | D:4      | Found a broken altar of Ashenzari.
  2743 | D:4      | Found a shadowy altar of Dithmenos.
  2756 | D:4      | Reached *** piety under Trog
  2798 | D:4      | Found a bloodstained altar of Trog.
  3360 | D:5      | Entered Level 5 of the Dungeon
  3437 | D:5      | Reached skill level 7 in Maces & Flails
  3862 | D:4      | Reached XP level 7. HP: 23/66 MP: 6/6
  4217 | D:5      | Reached skill level 8 in Maces & Flails
  4267 | D:5      | Noticed a hornet
  4279 | D:5      | Killed a hornet
  4415 | D:5      | Noticed Menkaure
  4426 | D:5      | Killed Menkaure
  4427 | D:5      | Reached skill level 9 in Maces & Flails
  4427 | D:5      | Reached XP level 8. HP: 74/74 MP: 7/7
  5105 | D:6      | Reached skill level 10 in Maces & Flails
  5289 | D:5      | HP: 3/67 [wight/+5 hand axe (4)]
  5290 | D:5      | Slain by a wight

Illustrated notes

Levels and vault maps discovered:
D:1:      minmay_arrival_open_corners, layout_loops_cross,
          chequers_ecumenical_altar_grove
D:2:      layout_basic
D:3:      layout_basic, minitemple, mainiacjoe_overflow_concentric_impassable
D:4:      layout_basic, trog_three_pillars_becter,
          chequers_temple_overflow_statue_of_worship
D:5:      layout_layer_cave, uniq_menkaure
D:6:      layout_cave_pools, chequers_serial_rivers_room_a

Skill      XL: |  1  2  3  4  5  6  7  8 |
---------------+-------------------------+-----
Maces & Flails | 3 4 5 6 7 9 10 | 10.1
Fighting       | |  2.4
Dodging        | |  2.4

Action                   |  1- 3 |  4- 6 |  7- 9 || total
-------------------------+-------+-------+-------++-------
Melee: Mace              |   125 |    42 |       ||   167
       Punch             |     2 |     1 |     3 ||     6
       Flail             |       |   129 |    89 ||   218
Throw: Dart              |       |     3 |     2 ||     5
Invok: Trog's Hand       |       |     1 |     1 ||     2
       Berserk           |       |       |     2 ||     2
  Use: Potion            |       |       |     1 ||     1
Armor: Animal skin       |    56 |    42 |    14 ||   112
Dodge: Dodged            |    93 |    99 |    28 ||   220
